 Dungeon Crawl Stone Soup version 0.31-a0-145-g046c7d2549 (webtiles) character file.

Game seed: 13933646638118251482

202 pokeman the Magician (level 5, 0/29 HPs)
             Began as a Deep Elf Hedge Wizard on June 4, 2023.
             Slain by a sleepcap (18 damage)
             ... on level 4 of the Dungeon.
             The game lasted 00:03:36 (3163 turns).

pokeman the Magician (Deep Elf Hedge Wizard)        Turns: 3163, Time: 00:03:36

Health: 0/29       AC:  5    Str:  7    XL:     5   Next: 50%
Magic:  12/15      EV:  2    Int: 21    God:
Gold:   272        SH:  0    Dex: 14    Spells: 8/16 levels left

rFire   . . .        a - +0 dagger
rCold   . . .        (no shield)
rNeg    . . .        b - +0 robe
rPois   .            n - +1 hat
rElec   .            e - +0 cloak
rCorr   .            (no gloves)
SInv    .            h - +0 pair of boots
Will    .....        (no amulet)
Stlth   ++           (no ring)
HPRegen 0.24/turn    (no ring)
MPRegen 0.14/turn

%: no passive effects
@: sleeping
A: no striking features
a: no special abilities


You were on level 4 of the Dungeon.
You visited 1 branch of the dungeon, and saw 4 of its levels.

You collected 272 gold pieces.

Inventory:

Hand Weapons
 a - a +0 dagger (weapon)
Armour
 b - a +0 robe (worn)
 e - a +0 cloak (worn)
 h - a +0 pair of boots (worn)
 n - a +1 hat (worn)
 p - a +0 buckler
Magical Staves
 j - a staff of air
Jewellery
 c - an amulet of faith
Wands
 q - a wand of roots (4)
Scrolls
 f - a scroll of amnesia {unknown}
 i - a scroll of noise {unknown}
 o - a scroll of identify {unknown}
Potions
 d - a potion of magic
 g - a potion of attraction {unknown}
 k - a potion of berserk rage {unknown}
 l - 2 potions of curing {unknown}
 m - a potion of haste {unknown}


   Skills:
 - Level 1.0 Fighting
 - Level 1.0 Armour
 - Level 3.2 Dodging
 - Level 3.3 Stealth
 * Level 6.3 Spellcasting
 + Level 2.6 Conjurations
 - Level 1.1 Summonings
 - Level 1.1 Translocations
 + Level 0.0 Air Magic
 + Level 0.1 Poison Magic
 + Level 0.3 Evocations


You had 8 spell levels left.
You knew the following spells:

 Your Spells              Type           Power      Damage    Failure   Level
a - Magic Dart            Conj           72%        1d6       3%          1
b - Mephitic Cloud        Conj/Pois/Air  10%        N/A       19%         3
c - Call Imp              Summ           22%        N/A       9%          2
d - Blink                 Tloc           22%        N/A       9%          2

Your spell library contained the following spells:

 Spells                   Type           Power      Damage    Failure   Level
 Slow                     Hex            24%        N/A       10%         1
 Cigotuvi's Dreadful Rot  Necr/Pois/Air  12%        N/A       14%         2


Dungeon Overview and Level Annotations

Branches:
Dungeon (4/15)
 Temple: D:4-7

Altars:


Message History

You hit the sleepcap but do no damage.
The sleepcap is heavily damaged.
Your cerulean imp hits the sleepcap but does no damage.
The sleepcap misses you.
You hit the sleepcap.
The sleepcap is heavily damaged.
Your cerulean imp hits the sleepcap but does no damage.
The sleepcap closely misses you.
Your magical contamination has completely faded away.
You hit the sleepcap but do no damage.
The sleepcap is heavily damaged.
Your cerulean imp hits the sleepcap but does no damage.
The sleepcap misses you.
You hit the sleepcap but do no damage.
The sleepcap is heavily damaged.
Your cerulean imp hits the sleepcap but does no damage.
The sleepcap releases spores at you.
You hit the sleepcap but do no damage.
You punch the sleepcap, but do no damage.
The sleepcap is heavily damaged.
Your cerulean imp hits the sleepcap but does no damage.
The sleepcap barely misses you.
You hit the sleepcap but do no damage.
The sleepcap is heavily damaged.
Your cerulean imp hits the sleepcap but does no damage.
The sleepcap misses you.
You hit the sleepcap but do no damage.
The sleepcap is heavily damaged.
Your cerulean imp hits the sleepcap but does no damage.
The sleepcap releases spores at you.
You completely miss the sleepcap.
The sleepcap is heavily damaged.
Your cerulean imp hits the sleepcap with a -3 spear.
The sleepcap releases spores at you.
You are engulfed in a cloud of soporific spores!
You fall asleep.
Your cerulean imp hits the sleepcap but does no damage.
The sleepcap releases spores at you!!
Ouch! That really hurt!
You die...

#.# #.#.# #.#
##.##.####.#.#.
#.#
........>..#.#.
#.#
##.#####.###.#.
#.# # #.# #.
#.# #.# #. #.#
#.# #. #(# ..#
#5#########.#
.##
#.f@........# .
#.###########
#. #. #. #. ..
##


You could see a sleepcap (ally target) and a friendly cerulean imp (summoned).

Vanquished Creatures
  6 adders
  A worm (D:2)
  2 dart slugs (D:2)
  3 orcs
  6 ball pythons
  7 endoplasms
  3 giant cockroaches
  3 goblins
  7 hobgoblins
  2 quokkas
  3 bats
  3 frilled lizards
  5 kobolds
  2 rats
53 creatures vanquished.

Vanquished Creatures (collateral kills)
  An ogre (D:3)
1 creature vanquished.

Grand Total: 54 creatures vanquished

Notes
Turn   | Place    | Note
-------+----------+-------------------------------------------
     0 | D:1      | pokeman the Deep Elf Hedge Wizard began the quest for the
                  | Orb.
     0 | D:1      | Reached XP level 1. HP: 10/10 MP: 7/7
   324 | D:1      | Reached XP level 2. HP: 15/15 MP: 6/9
  1038 | D:2      | Reached skill level 5 in Spellcasting
  1038 | D:2      | Reached XP level 3. HP: 20/20 MP: 5/11
  1042 | D:2      | Learned a level 3 spell: Mephitic Cloud
  1045 | D:2      | Learned a level 2 spell: Call Imp
  1048 | D:2      | Learned a level 2 spell: Blink
  1232 | D:2      | Reached skill level 1 in Fighting
  1232 | D:2      | Reached skill level 1 in Armour
  1899 | D:2      | Noticed a golden eye
  1900 | D:2      | Found a faded altar of an unknown god.
  1920 | D:2      | Noticed an eye of devastation
  1925 | D:2      | Noticed a great orb of eyes
  1945 | D:2      | Noticed a floating eye
  2064 | D:3      | Reached XP level 4. HP: 22/25 MP: 2/13
  2510 | D:3      | Noticed an ogre
  2520 | D:3      | Killed an ogre
  2521 | D:3      | Reached skill level 6 in Spellcasting
  2521 | D:3      | Reached XP level 5. HP: 29/29 MP: 2/15
  3163 | D:4      | Slain by a sleepcap

Illustrated notes

Levels and vault maps discovered:
D:1:      lemuel_arrival_muddy, layout_basic, st_stairs_5, hangedman_glass_teeth
D:2:      layout_loops_cross, hellmonk_ecumenical_altar_watching_god,
          minmay_3d_cube
D:3:      kb_forest_paths, layout_basic
D:4:      layout_basic, nicolae_sif_muna_condensation,
          minmay_temple_entry_slanted, due_unseen_surprise, uniq_edmund

Skill      XL: |  1  2  3  4 |
---------------+-------------+-----
Spellcasting   | 5 6 |  6.3
Fighting       | 1 |  1.0
Armour         | 1 |  1.0
Conjurations   | 2 |  2.6
Dodging        | 3 |  3.2
Stealth        | 3 |  3.3
Summonings     | |  1.1
Translocations | |  1.1
Poison Magic   | |  0.1
Evocations     | |  0.3

Action                     |  1- 3 |  4- 6 || total
---------------------------+-------+-------++-------
  Melee: Dagger            |    10 |    23 ||    33
         Punch             |       |     1 ||     1
   Cast: Magic Dart        |    96 |    49 ||   145
         Call Imp          |       |     2 ||     2
         Mephitic Cloud    |       |     1 ||     1
   Stab: Confused          |       |     2 ||     2
 Armour: Robe              |     9 |     6 ||    15
  Dodge: Dodged            |    15 |    24 ||    39

Table legend: (Time is in decaauts)
 A = Elapsed time spent in this place.
 B = Non-inter-level travel time spent in this place.
 C = Inter-level travel time spent in this place.
 D = Time resting spent in this place.
 E = Time spent auto-exploring this place.
 F = Levels seen in this place.
 G = Mean time per level.
                   A        B        C        D        E       F      G
               +--------+--------+--------+--------+--------+-----+--------+
         Total |   3162 |   3074 |     88 |    160 |   2546 |   4 |  790.5 |
       Dungeon |   3162 |   3074 |     88 |    160 |   2546 |   4 |  790.5 |
               +--------+--------+--------+--------+--------+-----+--------+

Top non-repeatable levels by time:
     D:2: 1082 daAuts
     D:3: 1037 daAuts
     D:1: 918 daAuts
     D:4: 123 daAuts
